 Dungeon Crawl Stone Soup version 0.31.0-11-ge490571c62 (webtiles) character file.

Game seed: 17910055252474108434

60 browni3141 the Trooper (level 3, -2/29 HPs)
             Began as a Demonspawn Fighter on Jan 31, 2024.
             Slain by a gnoll
             ... wielding a +0 halberd
              (11 damage)
             ... on level 2 of the Dungeon.
             The game lasted 00:01:28 (1375 turns).

browni3141 the Trooper (Demonspawn Fighter)         Turns: 1375, Time: 00:01:28

Health: -2/29      AC:  6    Str: 16    XL:     3   Next: 80%
Magic:  3/3        EV:  8    Int: 10    God:
Gold:   122        SH:  4    Dex: 12    Spells: 2/2 levels left

rFire   . . .        a - +0 flail
rCold   . . .        c - +0 buckler
rNeg    . . .        b - +0 scale mail
rPois   .            (no helmet)
rElec   .            (no cloak)
rCorr   .            (no gloves)
SInv    .            (no boots)
Will    .....        (no amulet) Stlth
                     (no ring)
HPRegen 0.24/turn    (no ring)
MPRegen 0.08/turn

%: no passive effects
@: no status effects
A: powered by death 2
a: no special abilities


You were on level 2 of the Dungeon.
You visited 1 branch of the dungeon, and saw 2 of its levels.

You collected 122 gold pieces.

Inventory:

Hand Weapons
 a - a +0 flail (weapon)
Missiles
 g - 5 boomerangs (quivered)
Armour
 b - a +0 scale mail (worn)
 c - a +0 buckler (worn)
Jewellery
 f - a ring of protection from cold
 i - a ring of protection from cold
Scrolls
 j - a scroll of amnesia
 r - a scroll of identify
Potions
 d - a potion of might
 h - a potion of enlightenment {unknown}
 l - a potion of heal wounds {unknown}
 m - a potion of lignification {unknown}


   Skills:
 + Level 3.6 Fighting
 * Level 2.8 Maces & Flails
 - Level 2.9 Armour
 - Level 2.9 Shields


You had 2 spell levels left.
You didn't know any spells.
Your spell library contained the following spells:

 Spells                   Type           Power      Damage    Failure   Level
 Apportation              Tloc           0%         N/A       87%         1
 Magic Dart               Conj           0%         1d3       87%         1
 Necrotise                Necr           0%         1d4       87%         1
 Slow                     Hex            0%         N/A       87%         1
 Sting                    Conj/Alch      0%         1d3       87%         1
 Summon Small Mammal      Summ           0%         N/A       87%         1
 Blink                    Tloc           0%         N/A       95%         2
 Call Imp                 Summ           0%         N/A       95%         2
 Confusing Touch          Hex            0%         N/A       99%         3
 Sigil of Binding         Hex            0%         N/A       99%         3
 Vampiric Draining        Necr           0%         2d6       99%         3


Dungeon Overview and Level Annotations

Branches:
Dungeon (2/15)

Altars:


Innate Abilities, Weirdness & Mutations

You regenerate health from kills.


Message History

The bat barely misses you.
You miss the bat. The bat closely misses you. The bat barely misses you.
You hit the bat.
You kill the bat!
No target in view!
No target in view!
You see here a bat corpse.
No target in view!
A ball python comes into view.
The ball python hisses angrily.
A ball python is nearby!
A ball python is nearby!
A ball python is nearby!
The ball python bites you but does no damage.
The ball python grabs you. The ball python constricts you.
You closely miss the ball python. The ball python closely misses you.
The ball python constricts you.
You barely miss the ball python. The ball python bites you.
The ball python constricts you.
The ball python bites you but does no damage.
The ball python constricts you.
You hit the ball python.
You kill the ball python!
No target in view!
A bat is nearby!
A bat is nearby!
A bat is nearby!
No reachable target in view!
A bat is nearby!
The bat hits you but does no damage. The bat completely misses you.
The bat hits you but does no damage.
You miss the bat. The bat hits you but does no damage. The bat hits you.
You barely miss the bat. The bat hits you but does no damage.
The bat barely misses you. The bat closely misses you.
You sock the bat!
You kill the bat!
No target in view!
No target in view!
You see here a bat corpse.
No target in view!
A kobold comes into view. It is wielding a +0 dagger.
The kobold shouts!
The kobold throws a stone.
The stone hits you but does no damage.
A kobold is nearby!
A kobold is nearby!
A kobold is nearby!
The kobold hits you with a +0 dagger. The kobold barely misses you.
You barely miss the kobold. The kobold hits you but does no damage.
The kobold hits you but does no damage.
You closely miss the kobold. The kobold hits you with a +0 dagger.
The kobold hits you but does no damage. The kobold attacks as it pursues you!
The kobold hits you with a +0 dagger.
You completely miss the kobold. The kobold hits you with a +0 dagger.
You hit the kobold.
You kill the kobold!
No target in view!
No target in view!
Things that are here:
a +0 dagger; 4 stones You now have 122 gold pieces (gained 11).
A ball python comes into view.
A ball python is nearby!
A ball python is nearby!
A ball python is nearby!
You block the ball python's attack. x2
You hit the ball python.
You kill the ball python!
No target in view!
No target in view!
No target in view!
No target in view!
k - 2 scrolls labelled PABIMAOPHU (gained 1)
m - a coppery potion You pick up a book of Minor Magic and begin reading...
You add the spells Magic Dart, Blink and Call Imp to your library.
The gnoll shouts!
You hear a shout! x2
A gnoll is nearby!
A gnoll is nearby!
The gnoll shouts!
The gnoll hits you with a +0 flail!
The gnoll shouts!
You sock the gnoll!
The gnoll is severely wounded.
The gnoll hits you with a +0 flail!
You barely miss the gnoll.
The gnoll is severely wounded.
The gnoll hits you with a +0 flail. The gnoll hits you but does no damage.
The gnoll attacks as it pursues you! The gnoll hits you but does no damage.
The gnoll attacks as it pursues you! The gnoll closely misses you.
The gnoll attacks as it pursues you! The gnoll hits you with a +0 flail!
As you read the scroll labelled PABIMAOPHU, it crumbles to dust.
It is a scroll of identify.
j - a scroll of amnesia;
r - a scroll of identify The gnoll barely misses you.
The gnoll hits you but does no damage.
It was a potion of curing.
You feel better.
The gnoll hits you from afar with a +0 halberd.
The gnoll hits you from afar with a +0 halberd!
You die...

#.#.....##.....#.....#
#.#.....######.#.....#
#.#.....# #.#....##
#.#.....# #.#######
######.###.####
#.......#
#.............#
#######.##
#.#####....##.# .#
###...### #....##.#
.###...#...#
#....##@####..#########.
#.#....g.ggg........ #.
######..#############.#.
....#.## #.#......#.##
#########.###
#.#......#.# #
#.#.....#.# #.<......#.#
#..##.......#.#
#........# ............#
########.......#
####..#.....#
...#..........#


You could see 4 gnolls.

Vanquished Creatures
  An adder (D:2)
  6 ball pythons
  5 endoplasms (D:1)
  A giant cockroach (D:1)
  2 goblins
  6 hobgoblins
  8 jackals (D:1)
  4 kobolds
  A quokka (D:2)
  5 bats
  2 frilled lizards
  2 rats
43 creatures vanquished.

Notes
Turn   | Place    | Note
-------+----------+-------------------------------------------
     0 | D:1      | browni3141 the Demonspawn Fighter began the quest for the
                  | Orb.
     0 | D:1      | Reached XP level 1. HP: 18/18 MP: 1/1
   134 | D:1      | Gained mutation: You regenerate a little health from kills.
                  | [demonic ancestry]
   134 | D:1      | Reached XP level 2. HP: 22/24 MP: 2/2
   391 | D:1      | Gained mutation: You regenerate health from kills. [demonic
                  | ancestry]
   391 | D:1      | Reached XP level 3. HP: 29/29 MP: 3/3
  1375 | D:2      | Slain by a gnoll

Illustrated notes

Levels and vault maps discovered:
D:1:      shiori_arrival_maze, layout_loops_cross, minivault_19
D:2:      layout_loops_cross, serial_co_window_serial,
          co_window_of_opportunity_a, co_window_paths_a, co_window_paths_b,
          co_window_corner_a, co_window_corner_a, co_window_broadway_a,
          co_window_of_opportunity_b, co_window_broadway_b, co_window_corner_ca,
          co_window_broadway_c, co_window_corner_b, co_window_corner_cb,
          co_window_paths_d, co_window_4corner_a, glass_columns_b, serial_shops,
          shop, minmay_distorted

Skill      XL: |  1 |
---------------+----+-----
Maces & Flails | 2 |  2.8
Fighting       | |  3.6
Armour         | |  2.9
Shields        | |  2.9

Action                     || total
---------------------------++-------
  Melee: Flail             ||   158
    Use: Scroll            ||     1
         Potion            ||     1
 Armour: Scale mail        ||   142
  Dodge: Dodged            ||    82
  Block: Buckler           ||    45
